 Dungeon Crawl Stone Soup version 0.26.1-11-gd32895ea62 (webtiles) character file.

Game seed: 6249611518761616010

232425 phalm the Gnoll Aeon (level 19, -7/148 HPs)
             Began as a Gnoll Conjurer on June 6, 2021.
             Was the Champion of Cheibriados.
             Killed by the raging water
             ... invoked by a water nymph
              (26 damage)
             ... on level 4 of the Shoals on June 7, 2021.
             The game lasted 01:43:43 (48823 turns).

phalm the Gnoll Aeon (Gnoll Conjurer)              Turns: 48823, Time: 01:43:43

Health: -7/148     AC: 13    Str: 27    XL:     19   Next: 53%
Magic:  22/45      EV: 27    Int: 45    God:    Cheibriados [******]
Gold:   4104       SH: 22    Dex: 29    Spells: 4/45 levels left

rFire    + . .     SeeInvis +   q - +5 falchion of Youthful Indiscretion {vorpal, rF+ Will+++ SInv Stlth-}
rCold    + . .     Faith    .   b - +2 kite shield
rNeg     . . .     Spirit   .   a - +2 robe {Archmagi}
rPois    .         Reflect  +   L - +1 helmet
rElec    .         Harm     .   p - scarf {repulsion}
rCorr    +         Rampage  .   U - +1 pair of gloves of the Tanner {rC+ rCorr Int+4 Stlth+}
Will     ++++.                  n - +2 pair of boots
Stlth    +++.......             B - amulet of reflection
HPRegen  0.34/turn              W - ring of magical power
MPRegen  0.29/turn              Z - ring of wizardry

@: marked, radiating poison, repel missiles, very slow
A: distributed training, fangs 1, strong nose
}: 1/15 runes: gossamer
a: Renounce Religion, Bend Time, Temporal Distortion, Slouch, Step From Time


You were on level 4 of the Shoals.
You worshipped Cheibriados.
Cheibriados was exalted by your worship.
You visited 7 branches of the dungeon, and saw 33 of its levels.
You also visited: Ice Cave.

You collected 5112 gold pieces.
You spent 1008 gold pieces at shops.


Innate Abilities, Weirdness & Mutations

Your experience applies equally to all skills.
You have very sharp teeth.
Your uncanny sense of smell can sniff out nearby items.


   Skills:
 + Level 12.8 Fighting
 + Level 12.8 Short Blades
 + Level 12.8 Long Blades
 + Level 12.8 Axes
 + Level 12.8 Maces & Flails
 + Level 12.8 Polearms
 + Level 12.8 Staves
 + Level 12.8 Slings
 + Level 12.8 Bows
 + Level 12.8 Crossbows
 + Level 12.8 Throwing
 + Level 12.8 Armour
 + Level 13.5 Dodging
 + Level 13.4 Stealth
 + Level 12.8 Shields
 + Level 12.8 Unarmed Combat
 + Level 13.6 Spellcasting
 + Level 12.8 Conjurations
 + Level 11.0 Hexes
 + Level 11.0 Summonings
 + Level 11.0 Necromancy
 + Level 11.0 Translocations
 + Level 11.0 Transmutations
 + Level 11.0 Fire Magic
 + Level 11.0 Ice Magic
 + Level 11.0 Air Magic
 + Level 11.0 Earth Magic
 + Level 11.0 Poison Magic
 + Level 13.8 Invocations
 + Level 12.8 Evocations


You had 4 spell levels left.
You knew the following spells:

 Your Spells              Type           Power        Failure   Level
a - Apportation           Tloc           100%         0%          1
b - Iskenderun's Battles  Conj           100%         1%          5
e - Airstrike             Air            57%          1%          4
f - Fulminant Prism       Conj/Hex       59%          1%          4
m - Magic Dart            Conj           100%         0%          1
n - Iron Shot             Conj/Erth      59%          1%          6
o - Olgreb's Toxic Radia  Pois           100%         1%          4
s - Searing Ray           Conj           100%         0%          2
t - Bolt of Magma         Conj/Fire/Erth 58%          1%          5
B - Blink                 Tloc           N/A          0%          2
X - Iskenderun's Mystic   Conj/Tloc      100%         1%          4
Y - Ignite Poison         Fire/Tmut/Pois 100%         1%          3

Your spell library contained the following spells:

 Spells                   Type           Power        Failure   Level
 Animate Skeleton         Necr           100%         0%          1
 Beastly Appendage        Tmut           100%         0%          1
 Corona                   Hex            100%         0%          1
 Pain                     Necr           100%         0%          1
 Shock                    Conj/Air       100%         0%          1
 Sting                    Tmut/Pois      100%         0%          1
 Summon Small Mammal      Summ           100%         0%          1
 Call Imp                 Summ           100%         0%          2
 Passwall                 Tmut/Erth      95%          0%          2
 Poisonous Vapours        Pois/Air       100%         0%          2
 Slow                     Hex            100%         0%          2
 Swiftness                Air            100%         0%          2
 Wereblood                Tmut           100%         0%          2
 Call Canine Familiar     Summ           100%         1%          3
 Conjure Flame            Conj/Fire      100%         1%          3
 Dazzling Flash           Conj/Hex       100%         1%          3
 Gell's Gravitas          Tloc           57%          1%          3
 Lesser Beckoning         Tloc           57%          1%          3
 Mephitic Cloud           Conj/Pois/Air  100%         1%          3
 Spider Form              Tmut/Pois      57%          1%          3
 Summon Guardian Golem    Hex/Summ       100%         1%          3
 Teleport Other           Tloc           100%         1%          3
 Vampiric Draining        Necr           57%          1%          3
 Animate Dead             Necr           57%          1%          4
 Cause Fear               Hex            57%          1%          4
 Ice Form                 Ice/Tmut       100%         1%          4
 Leda's Liquefaction      Hex/Erth       57%          1%          4
 Passage of Golubria      Tloc           N/A          1%          4
 Petrify                  Tmut/Erth      100%         1%          4
 Summon Ice Beast         Ice/Summ       100%         1%          4
 Summon Lightning Spire   Summ/Air       100%         1%          4
 Agony                    Necr           100%         1%          5
 Blade Hands              Tmut           57%          1%          5
 Borgnjor's Vile Clutch   Necr/Erth      57%          1%          5
 Fireball                 Conj/Fire      59%          1%          5
 Lee's Rapid Deconstruct  Erth           57%          1%          5
 Silence                  Hex/Air        57%          1%          5
 Summon Demon             Summ           57%          1%          5
 Yara's Violent Unravell  Hex/Tmut       57%          1%          5
 Conjure Ball Lightning   Conj/Air       59%          1%          6
 Death Channel            Necr           57%          1%          6
 Invisibility             Hex            100%         1%          6
 Simulacrum               Ice/Necr       57%          1%          6
 Starburst                Conj/Fire      59%          1%          6
 Orb of Destruction       Conj           60%          1%          7
 Spellforged Servitor     Conj/Summ      59%          2%          7
 Discord                  Hex            57%          32%         8
 Ignition                 Fire           57%          32%         8
 Shatter                  Erth           57%          99%         9

Inventory:

Hand Weapons
 e - the +10 spear of Day {flame, rN+ Will+ Int+3}
   (You took it off a spriggan rider on level 2 of the Lair of Beasts)

   It has been specially enchanted to burn those struck by it, causing extra
   injury to most foes and up to half again as much damage against particularly
   susceptible opponents.
   It affects your intelligence (+3).
   It protects you from negative energy.
   It affects your willpower, your defense against some magical effects.
 q - the +5 falchion of Youthful Indiscretion (weapon) {vorpal, rF+ Will+++ SInv Stlth-}
   (You bought it in a shop on level 2 of the Orcish Mines)

   It inflicts extra damage upon your enemies.
   It protects you from fire.
   It affects your willpower, your defense against some magical effects.
   It lets you see invisible.
   It makes you less stealthy.
Missiles
 F - 13 boomerangs
 J - 9 throwing nets {=f!f}
Armour
 a - a +2 robe of the Archmagi (worn)
   (You took it off Sigmund on level 4 of the Dungeon)
 b - a +2 kite shield (worn)
   (You found it on level 1 of the Dungeon)
 n - a +2 pair of boots (worn)
   (You found it on level 13 of the Dungeon)
 p - a scarf of repulsion (worn)
   (You found it on level 3 of the Dungeon)
 L - a +1 helmet (worn)
   (You bought it in a shop on level 2 of the Orcish Mines)
 P - the +3 robe of Clouds {+Thunder rCloud rElec}
   (You found it on level 3 of the Shoals)

   It insulates you from electricity.
 U - the +1 pair of gloves of the Tanner (worn) {rC+ rCorr Int+4 Stlth+}
   (You found it on level 6 of the Lair of Beasts)

   It affects your intelligence (+4).
   It protects you from cold.
   It provides partial protection from all sources of acid and corrosion.
   It makes you more stealthy.
Jewellery
 f - an uncursed ring of protection from fire
   (You found it in an ice cave)
 B - an amulet of reflection (around neck)
   (You found it on level 5 of the Lair of Beasts)
 W - a ring of magical power (left hand)
   (You found it on level 1 of the Dungeon)
 Z - a ring of wizardry (right hand)
   (You found it in an ice cave)
Wands
 d - a wand of iceblast (11)
   (You found it on level 3 of the Lair of Beasts)
 o - a wand of digging (31)
   (You took it off Ijyb on level 3 of the Dungeon)
 r - a wand of polymorph (44)
   (You found it on level 3 of the Dungeon)
 y - a wand of acid (9)
   (You found it on level 1 of the Shoals)
 A - a wand of paralysis (16)
   (You found it on level 5 of the Dungeon)
 E - a wand of disintegration (14)
   (You found it on level 5 of the Lair of Beasts)
 O - a wand of enslavement (15)
   (You found it on level 9 of the Dungeon)
Scrolls
 g - 3 scrolls of summoning
 h - 13 scrolls of teleportation {@r4}
 l - 3 scrolls of fear
 s - 2 scrolls of torment {unknown}
 u - 4 scrolls of magic mapping {!r}
 I - 9 scrolls of fog
 K - 4 scrolls of immolation {!r!r}
 N - 2 scrolls of blinking {!r}
 S - 8 scrolls of remove curse {@r2}
 X - 5 scrolls of noise {!r}
Potions
 c - 9 potions of attraction {!q}
 i - 9 potions of curing {@q1}
 k - a potion of mutation {!q}
 m - a potion of cancellation
 t - 8 potions of might
 v - 7 potions of brilliance
 w - 3 potions of flight
 x - 2 potions of resistance
 z - 11 potions of ambrosia
 C - a potion of haste {forbidden@q3}
 D - 4 potions of lignification {!q}
 G - 2 potions of magic
 H - 3 potions of heal wounds {@q2}
Miscellaneous
 j - a phial of floods
   (You found it on level 2 of the Lair of Beasts)
 M - a lightning rod (4/4)
   (You found it on level 6 of the Lair of Beasts)
 Q - a condenser vane
   (You found it on level 3 of the Shoals)

Dungeon Overview and Level Annotations

Branches:
Dungeon (15/15)            Temple (1/1) D:5            Lair (6/6) D:8
 Shoals (4/4) Lair:2       Spider (4/4) Lair:4        Slime (0/5) Lair:6
    Orc (2/2) D:12            Elf (1/3) Orc:2        Vaults (0/5) D:13
 Depths (0/5) D:15          IceCv (visited)

Altars:
Ashenzari
Cheibriados
Dithmenos
Elyvilon
Gozag
Hepliaklqana
Kikubaaqudgha
Makhleb
Okawaru
Qazlal
Sif Muna
Trog
Uskayaw
Vehumet
Wu Jian
Xom
Zin
Beogh

Shops:
D:3 *   D:5 *   D:9 *=   Orc:2 *[=(   Elf:1 (

Annotations:
Lair:6 exclusion: oklob plant

k.......≈...... ≈≈≈#
.......≈...... .≈≈≈#
#......≈≈.....
≈≈m≈m######......≈≈≈....
≈≈≈≈≈≈....#.....≈≈≈≈≈≈..
≈≈≈≈≈†..≈.###...≈≈≈≈≈≈≈≈
≈≈≈≈≈kt≈≈≈.##mk.≈≈≈≈≈≈≈≈
#..≈≈≈≈≈≈≈k≈≈≈.≈≈≈≈≈≈≈≈
##..≈≈@H)†mm≈..≈≈≈≈≈≈≈≈
.......HH≈≈.≈...≈≈≈≈≈≈≈≈
≈...≈≈..........≈≈≈≈≈≈≈#
≈≈≈....≈............≈≈≈#
≈≈≈..###†............≈##
≈≈≈<. ##..†..........##≈
≈≈≈≈...≈.............###
≈≈≈≈...≈...........≈≈≈#≈
≈.m≈............≈≈≈##


You could see a merfolk avatar (poisoned), a snapping turtle (poisoned), 3 wind
drakes, a merfolk, 3 water nymphs and 3 harpies.


Message History

A water nymph comes into view.
You block the merfolk's attack. 😨 HP[-13] MP[-3]
You take 13 damage, and now have 55/148 hp.
You lost 3 mp, and now have 28/45 mp.
Casting: Iskenderun's Mystic Blast (safe; 1% risk of failure)
Confirm with . or Enter, or press ? or * to list all spells.
You feel a surge of power!
You ignite the poison in your surroundings!
The merfolk seems to burn from within!!!
You kill the merfolk!
Cheibriados thoroughly appreciates the change of pace.
You hear a splash. x2
The sea snake seems to burn from within!!!!
You kill the sea snake!
Cheibriados appreciates the change of pace.
The water nymph seems to burn from within!!
The sea snake seems to burn from within!!!!
You kill the sea snake!
Cheibriados appreciates the change of pace.
The water nymph seems to burn from within!!!
You kill the water nymph!
Cheibriados appreciates the change of pace.
The snapping turtle seems to burn from within!!
The wind drake seems to burn from within!
The water nymph seems to burn from within!
The water nymph is poisoned. x2; The snapping turtle is poisoned.
The water nymph is poisoned.
The wind drake is poisoned.
You block the harpy's attack. x2; The harpy barely misses you.
You riposte.
Your unstable footing causes you to fumble your attack.
You block the harpy's attack. x2; The harpy barely misses you.
The harpy completely misses you. x2; The harpy claws you but does no damage.
The harpy barely misses you. The harpy misses you. The harpy claws you.
* * * LOW HITPOINT WARNING * * *
The harpy barely misses you. The harpy misses you.
The harpy completely misses you. The harpy barely misses you.
The water nymph points at you and mumbles some strange words.
The water swirls and strikes you!!
* * * LOW HITPOINT WARNING * * *
You block the harpy's attack. The harpy closely misses you.
The harpy completely misses you. x2; The harpy misses you.
The harpy claws you but does no damage.
A wind drake comes into view. 😱 HP[-33] MP[-3]
You take 33 damage, and now have 22/148 hp.
MASSIVE DAMAGE!! (PAUSE)
You lost 3 mp, and now have 25/45 mp.
Okay, then.
Casting: Ignite Poison (safe; 1% risk of failure)
Confirm with . or Enter, or press ? or * to list all spells.
You feel a surge of power!
You erupt in a blast of force!
The mystic blast hits the harpy!!
The harpy is knocked back by the mystic blast.
The harpy collides with the water nymph!
You kill the harpy!
Cheibriados thoroughly appreciates the change of pace.
The mystic blast hits the harpy.
The harpy is knocked back by the mystic blast.
The mystic blast hits the harpy!
The harpy is knocked back by the mystic blast.
The harpy slams into the rock wall!
You kill the harpy!
Cheibriados thoroughly appreciates the change of pace.
The mystic blast hits the harpy!
The harpy is knocked back by the mystic blast.
The harpy slams into the rock wall!
You kill the harpy!
Cheibriados thoroughly appreciates the change of pace.
The mystic blast hits the harpy!!
The harpy is knocked back by the mystic blast.
The mystic blast hits the harpy.
The wind drake is poisoned.
The water nymph looks even sicker.
The wind drake looks even sicker.
You block the harpy's attack. The harpy closely misses you.
The harpy claws you.
* * * LOW HITPOINT WARNING * * *
You block the harpy's attack.
A merfolk avatar comes into view.
The water nymph casts a spell at you. The water swirls and strikes you!
* * * LOW HITPOINT WARNING * * *
😱 HP[-13] MP[-4]
You take 13 damage, and now have 9/148 hp.
You lost 4 mp, and now have 21/45 mp.
You feel much better.
The water nymph looks even sicker.
The merfolk avatar is poisoned.
The wind drake looks even sicker.
The harpy screeches!
You block the harpy's attack. x2; The harpy completely misses you. x2
You block the harpy's attack. The harpy completely misses you.
The harpy barely misses you. The harpy closely misses you.
A merfolk comes into view. It is wielding a +0 trident.
The water nymph casts a spell at you. The water swirls and strikes you.
The harpy closely misses you. The harpy completely misses you.
A wind drake comes into view.
The harpy claws you!
* * * LOW HITPOINT WARNING * * *
You block the harpy's attack.
The water nymph points at you and mumbles some strange words.
The water swirls and strikes you!!
You die...

Skill      XL: |  1  2  3  4  5  6  7  8  9 10 11 12 13 14 15 16 17 18 19 |
---------------+----------------------------------------------------------+-----
Spellcasting   | 5 6 7 8 9 10 11 12 13 | 13.6
Invocations    | 1 2 3 4 5 6 7 8 9 10 11 12 13 | 13.8
Fighting       | 1 2 3 4 5 6 7 8 9 10 11 12 | 12.8
Short Blades   | 1 2 3 4 5 6 7 8 9 10 11 12 | 12.8
Long Blades    | 1 2 3 4 5 6 7 8 9 10 11 12 | 12.8
Axes           | 1 2 3 4 5 6 7 8 9 10 11 12 | 12.8
Maces & Flails | 1 2 3 4 5 6 7 8 9 10 11 12 | 12.8
Polearms       | 1 2 3 4 5 6 7 8 9 10 11 12 | 12.8
Staves         | 1 2 3 4 5 6 7 8 9 10 11 12 | 12.8
Slings         | 1 2 3 4 5 6 7 8 9 10 11 12 | 12.8
Bows           | 1 2 3 4 5 6 7 8 9 10 11 12 | 12.8
Crossbows      | 1 2 3 4 5 6 7 8 9 10 11 12 | 12.8
Throwing       | 1 2 3 4 5 6 7 8 9 10 11 12 | 12.8
Armour         | 1 2 3 4 5 6 7 8 9 10 11 12 | 12.8
Shields        | 1 2 3 4 5 6 7 8 9 10 11 12 | 12.8
Unarmed Combat | 1 2 3 4 5 6 7 8 9 10 11 12 | 12.8
Evocations     | 1 2 3 4 5 6 7 8 9 10 11 12 | 12.8
Hexes          | 1 2 3 4 5 6 7 8 9 10 11 | 11.0
Summonings     | 1 2 3 4 5 6 7 8 9 10 11 | 11.0
Necromancy     | 1 2 3 4 5 6 7 8 9 10 11 | 11.0
Translocations | 1 2 3 4 5 6 7 8 9 10 11 | 11.0
Transmutations | 1 2 3 4 5 6 7 8 9 10 11 | 11.0
Fire Magic     | 1 2 3 4 5 6 7 8 9 10 11 | 11.0
Ice Magic      | 1 2 3 4 5 6 7 8 9 10 11 | 11.0
Air Magic      | 1 2 3 4 5 6 7 8 9 10 11 | 11.0
Earth Magic    | 1 2 3 4 5 6 7 8 9 10 11 | 11.0
Poison Magic   | 1 2 3 4 5 6 7 8 9 10 11 | 11.0
Dodging        | 5 6 7 8 9 10 11 12 13 | 13.5
Stealth        | 5 6 7 8 9 10 11 12 13 | 13.4
Conjurations   | 8 9 10 11 12 | 12.8

Action                   |  1- 3 |  4- 6 |  7- 9 | 10-12 | 13-15 | 16-18 | 19-21 || total
-------------------------+-------+-------+-------+-------+-------+-------+-------++-------
Melee: Unarmed           |     2 |       |    10 |       |       |       |       ||    12
       Hand axe          |       |     7 |    17 |       |       |       |       ||    24
       Bite              |       |     1 |     3 |    35 |    23 |    98 |    15 ||   175
       Great sword       |       |       |       |    94 |    43 |       |       ||   137
       Staff             |       |       |       |       |    22 |       |       ||    22
       Falchion          |       |       |       |       |    20 |   248 |    63 ||   331
       Punch             |       |       |       |       |     3 |       |       ||     3
 Fire: Hunting sling     |       |       |     5 |       |       |       |       ||     5
Throw: Dart              |       |       |       |     1 |       |       |       ||     1
 Cast: Magic Dart        |    52 |   137 |   252 |   265 |   378 |   451 |    58 ||  1593
       Searing Ray       |     1 |     7 |    49 |    45 |    41 |     9 |       ||   152
       Apportation       |       |       |     5 |       |       |       |       ||     5
       Iskenderun's Myst |       |       |     2 |    21 |    36 |    19 |     9 ||    87
       Iskenderun's Batt |       |       |       |    17 |    71 |    64 |    10 ||   162
       Fulminant Prism   |       |       |       |     4 |     6 |       |       ||    10
       Olgreb's Toxic Ra |       |       |       |       |   125 |   279 |    77 ||   481
       Ignite Poison     |       |       |       |       |    15 |    28 |     9 ||    52
       Iron Shot         |       |       |       |       |       |    53 |       ||    53
       Bolt of Magma     |       |       |       |       |       |     4 |       ||     4
       Airstrike         |       |       |       |       |       |       |     7 ||     7
Invok: Slouch            |       |       |       |     2 |     1 |       |       ||     3
 Abil: Evoke Thunderclou |       |       |       |       |       |       |     2 ||     2
Evoke: Wand              |       |       |     3 |     6 |     6 |    15 |     2 ||    32
       Phial of floods   |       |       |       |     1 |       |       |       ||     1
       Lightning rod     |       |       |       |       |     1 |     4 |       ||     5
  Use: Scroll            |       |       |    11 |     9 |     7 |    12 |       ||    39
       Potion            |       |       |       |     5 |     2 |     3 |     1 ||    11
 Stab: Sleeping          |       |       |       |     1 |     2 |       |       ||     3
       Distracted        |       |       |       |       |     1 |       |       ||     1
Armor: Robe              |     2 |     4 |    16 |    38 |    22 |    63 |    17 ||   162
Dodge: Dodged            |     4 |    24 |    67 |   284 |   273 |   378 |   113 ||  1143
       Repelled          |       |       |     6 |     7 |     4 |     1 |     1 ||    19
Block: Other             |       |       |       |       |    44 |       |       ||    44
       Reflection        |       |       |       |       |    15 |    32 |    47 ||    94
       Buckler           |       |       |       |       |    15 |   324 |       ||   339
       Kite shield       |       |       |       |       |       |    78 |   196 ||   274
       Rpst.: Great sword |       |       |       |    77 |    45 |       |       ||   122
       Falchion          |       |       |       |       |     5 |    68 |    16 ||    89

Levels and vault maps discovered:
D:1:      eino_arrival_druids_welcome, layout_rooms
D:2:      minmay_skewed_foursquare, layout_basic, lemuel_round_altar
D:3:      layout_basic, led_sif_book, lemuel_doored_altar, zin_purify,
          chequers_serial_rivers_small_b, uniq_natasha, uniq_crazy_yiuf_cottage,
          uniq_ijyb
D:4:      cheibrodos_old_hovel, layout_rooms, wad_orctagon, uniq_sigmund
D:5:      layout_cave_pools, dancing_weapons_uskayaw, temple_statues,
          serial_shops, shop, basic_altar
D:6:      layout_gridville, ebering_dispersal_statue_hall, uniq_grinder
D:7:      layout_loops_cross, nicolae_gozag_seed_capital,
          nicolae_overflow_hidden_temple, minmay_misc_feat_doors, uniq_duvessa
D:8:      layout_basic, due_lair_maze_entry_diamond, trog_three_pillars_becter
D:9:      layout_basic, grunt_temple_overflow_lords_of_destruction,
          lightli_temple_of_fire, lemuel_zombie_altar_kikubaaqudgha,
          minmay_shop_enchanted_jewellery, nicolae_transmutations_shop,
          kennysheep_big_empty_room
D:10:     old_forge, layout_basic, minivault_26, minmay_splitting_lines,
          minmay_tree_intersection
D:11:     layout_cave_pools
D:12:     layout_roguey, david_orc_3, uniq_psyche
D:13:     layout_loops_ring, erik_vaults_1, uniq_erolcha, uniq_maurice
D:14:     layout_gridville, hangedman_abyss_or_decor_slice
D:15:     gammafunk_depths_entry_grave, layout_gridville, hex_medium, uniq_kirke
Temple:   nicolae_temple_figure_zero
Lair:1:   layout_chaotic_city, grunt_megastairs_2
Lair:2:   layout_cave_shapes, elwin_shoals_entry_rocks,
          ebering_ghost_funeral_grove, basic_altar, minivault_27, st_stairs_12
Lair:3:   nzn_winding_woodlands_cross [nzn_winding_woodlands_5x15_zeroes,
          nzn_winding_woodlands_5x15_twine, nzn_winding_woodlands_5x15_garden,
          nzn_winding_woodlands_5x15_pool,
          nzn_winding_woodlands_15x15_five_gardens], layout_layer_cave,
          portal_ice_cave_entry_ice_beasts, uniq_nergalle
Lair:4:   layout_regular_city, spider_nest_entry_webs
Lair:5:   layout_misc_corridors, infiniplex_staircase_pool
Lair:6:   due_jungle_book, layout_cave_pods, minmay_slime_entry_oklob_enclosed,
          basic_altar
Shoals:1: layout_shoals
Shoals:2: layout_shoals, uniq_ilsuiw
Shoals:3: layout_shoals, lemuel_centaur_altar, uniq_polyphemus
Shoals:4: shoals_end_grunt_ice, layout_shoals, ldierk_geyser
Spider:1: layout_spider_delve
Spider:2: layout_spider_delve, special_room [special_room_bee],
          nicolae_spider_cling_halls
Spider:3: layout_chambers, uniq_asterion
Spider:4: spider_rune_water
Orc:1:    layout_caves
Orc:2:    grunt_orc_cross, layout_caves, statue_in_the_mist_lemuel
Elf:1:    elf_arrival_002, layout_geoelf_octagon, serial_shops,
          nicolae_shop_behind_doors, orc_legates, hangedman_research_geology

Notes
Turn   | Place    | Note
-------+----------+-------------------------------------------
     0 | D:1      | phalm the Gnoll Conjurer began the quest for the Orb.
     0 | D:1      | Reached XP level 1. HP: 13/13 MP: 6/6
     0 | D:1      | magus.rc [v1.9.10]
   114 | D:1      | Reached XP level 2. HP: 19/19 MP: 2/7
   117 | D:1      | Learned a level 2 spell: Searing Ray
   531 | D:1      | You fall into a shaft and drop 1 floor!
   709 | D:1      | Reached XP level 3. HP: 25/25 MP: 9/9
   749 | D:1      | Reached skill level 5 in Spellcasting
   992 | D:2      | Reached skill level 1 in Invocations
  1026 | D:2      | Reached skill level 1 in Fighting
  1026 | D:2      | Reached skill level 1 in Short Blades
  1026 | D:2      | Reached skill level 1 in Long Blades
  1026 | D:2      | Reached skill level 1 in Axes
  1026 | D:2      | Reached skill level 1 in Maces & Flails
  1026 | D:2      | Reached skill level 1 in Polearms
  1026 | D:2      | Reached skill level 1 in Staves
  1026 | D:2      | Reached skill level 1 in Slings
  1026 | D:2      | Reached skill level 1 in Bows
  1026 | D:2      | Reached skill level 1 in Crossbows
  1026 | D:2      | Reached skill level 1 in Throwing
  1026 | D:2      | Reached skill level 1 in Armour
  1026 | D:2      | Reached skill level 1 in Shields
  1026 | D:2      | Reached skill level 1 in Unarmed Combat
  1026 | D:2      | Reached skill level 1 in Evocations
  1085 | D:2      | Reached XP level 4. HP: 32/32 MP: 11/11
  1098 | D:2      | Learned a level 4 spell: Fulminant Prism
  1103 | D:2      | Learned a level 4 spell: Iskenderun's Mystic Blast
  1407 | D:2      | Reached skill level 1 in Hexes
  1407 | D:2      | Reached skill level 1 in Summonings
  1407 | D:2      | Reached skill level 1 in Necromancy
  1407 | D:2      | Reached skill level 1 in Translocations
  1407 | D:2      | Reached skill level 1 in Transmutations
  1407 | D:2      | Reached skill level 1 in Fire Magic
  1407 | D:2      | Reached skill level 1 in Ice Magic
  1407 | D:2      | Reached skill level 1 in Air Magic
  1407 | D:2      | Reached skill level 1 in Earth Magic
  1407 | D:2      | Reached skill level 1 in Poison Magic
  1641 | D:2      | Found a shadowy altar of Dithmenos.
  1956 | D:3      | Noticed Natasha
  1959 | D:3      | Killed Natasha
  1960 | D:3      | Reached XP level 5. HP: 37/37 MP: 12/12
  1987 | D:3      | Found a shimmering blue altar of Sif Muna.
  1994 | D:3      | Found a rare book.
  2208 | D:3      | Found Zin's Purification Station.
  2212 | D:3      | Found a glowing silver altar of Zin.
  2247 | D:3      | Noticed Ijyb
  2260 | D:3      | Killed Ijyb
  2261 | D:3      | Reached skill level 2 in Invocations
  2261 | D:3      | Reached XP level 6. HP: 44/44 MP: 9/13
  2353 | D:3      | Noticed Natasha
  2358 | D:3      | Killed Natasha
  2399 | D:3      | Found an iron altar of Okawaru.
  2424 | D:3      | Reached skill level 5 in Dodging
  2479 | D:3      | Reached skill level 2 in Fighting
  2479 | D:3      | Reached skill level 2 in Short Blades
  2479 | D:3      | Reached skill level 2 in Long Blades
  2479 | D:3      | Reached skill level 2 in Axes
  2479 | D:3      | Reached skill level 2 in Maces & Flails
  2479 | D:3      | Reached skill level 2 in Polearms
  2479 | D:3      | Reached skill level 2 in Staves
  2479 | D:3      | Reached skill level 2 in Slings
  2479 | D:3      | Reached skill level 2 in Bows
  2479 | D:3      | Reached skill level 2 in Crossbows
  2479 | D:3      | Reached skill level 2 in Throwing
  2479 | D:3      | Reached skill level 2 in Armour
  2479 | D:3      | Reached skill level 2 in Shields
  2479 | D:3      | Reached skill level 2 in Unarmed Combat
  2479 | D:3      | Reached skill level 2 in Evocations
  3327 | D:3      | Noticed Natasha
  3331 | D:3      | Killed Natasha
  3370 | D:3      | Reached XP level 7. HP: 50/50 MP: 15/15
  3542 | D:3      | Found a runed translucent door.
  3543 | D:3      | Noticed Crazy Yiuf
  3808 | D:3      | Killed Crazy Yiuf
  3963 | D:4      | Reached skill level 2 in Hexes
  3963 | D:4      | Reached skill level 2 in Summonings
  3963 | D:4      | Reached skill level 2 in Necromancy
  3963 | D:4      | Reached skill level 2 in Translocations
  3963 | D:4      | Reached skill level 2 in Transmutations
  3963 | D:4      | Reached skill level 2 in Fire Magic
  3963 | D:4      | Reached skill level 2 in Ice Magic
  3963 | D:4      | Reached skill level 2 in Air Magic
  3963 | D:4      | Reached skill level 2 in Earth Magic
  3963 | D:4      | Reached skill level 2 in Poison Magic
  4111 | D:4      | Reached skill level 5 in Stealth
  4185 | D:4      | Reached skill level 3 in Invocations
  4252 | D:4      | Reached XP level 8. HP: 57/57 MP: 15/16
  4318 | D:4      | Identified a +2 robe of the Archmagi
  4318 | D:4      | Noticed Sigmund
  4337 | D:4      | Killed Sigmund
  4338 | D:4      | Reached skill level 3 in Fighting
  4338 | D:4      | Reached skill level 3 in Short Blades
  4338 | D:4      | Reached skill level 3 in Long Blades
  4338 | D:4      | Reached skill level 3 in Axes
  4338 | D:4      | Reached skill level 3 in Maces & Flails
  4338 | D:4      | Reached skill level 3 in Polearms
  4338 | D:4      | Reached skill level 3 in Staves
  4338 | D:4      | Reached skill level 3 in Slings
  4338 | D:4      | Reached skill level 3 in Bows
  4338 | D:4      | Reached skill level 3 in Crossbows
  4338 | D:4      | Reached skill level 3 in Throwing
  4338 | D:4      | Reached skill level 3 in Armour
  4338 | D:4      | Reached skill level 3 in Shields
  4338 | D:4      | Reached skill level 3 in Unarmed Combat
  4338 | D:4      | Reached skill level 3 in Evocations
  4573 | D:4      | You pick up a book of Minor Magic and begin reading...
  4573 | D:4      | You add the spells Blink, Call Imp, Slow, Conjure Flame and
                  | Mephitic Cloud to your library.
  4577 | D:4      | Learned a level 2 spell: Blink
  5016 | D:4      | Reached skill level 6 in Spellcasting
  5221 | D:5      | Entered Level 5 of the Dungeon
  5400 | D:5      | You pick up a book of Cantrips and begin reading...
  5400 | D:5      | You add the spells Corona, Animate Skeleton, Summon Small
                  | Mammal and Apportation to your library.
  5403 | D:5      | Learned a level 1 spell: Apportation
  5517 | D:3      | Apport: a rare book
  5517 | D:3      | Apport: a rare book
  5517 | D:3      | Identified Sif Muna's Volume of Curses
  5776 | D:5      | Found Ciappez's General Store.
  5781 | D:5      | You add the spells Sting, Poisonous Vapours, Ignite Poison
                  | and Olgreb's Toxic Radiance to your library.
  5787 | D:5      | Learned a level 4 spell: Olgreb's Toxic Radiance
  5790 | D:5      | Bought a scroll of identify for 26 gold pieces
  5791 | D:5      | Bought a scroll of noise for 13 gold pieces
  5791 | D:5      | Bought a potion of might for 52 gold pieces
  5791 | D:5      | Found a staircase to the Ecumenical Temple.
  5831 | Temple   | Entered the Ecumenical Temple
  5888 | Temple   | Became a worshipper of Cheibriados the Contemplative
  5981 | D:5      | Found a hide-covered altar of Uskayaw.
  6014 | D:5      | Noticed a -1 hand axe
  6014 | D:5      | Noticed a +0 dagger
  6037 | D:5      | Found a radiant altar of Vehumet.
  6387 | D:6      | Noticed Grinder
  6403 | D:6      | Killed Grinder
  6404 | D:6      | Reached skill level 3 in Hexes
  6404 | D:6      | Reached skill level 3 in Summonings
  6404 | D:6      | Reached skill level 3 in Necromancy
  6404 | D:6      | Reached skill level 3 in Translocations
  6404 | D:6      | Reached skill level 3 in Transmutations
  6404 | D:6      | Reached skill level 3 in Fire Magic
  6404 | D:6      | Reached skill level 3 in Ice Magic
  6404 | D:6      | Reached skill level 3 in Air Magic
  6404 | D:6      | Reached skill level 3 in Earth Magic
  6404 | D:6      | Reached skill level 3 in Poison Magic
  6404 | D:6      | Reached skill level 4 in Invocations
  6496 | D:6      | Reached skill level 6 in Dodging
  6541 | D:6      | Reached XP level 9. HP: 63/65 MP: 18/18
  6639 | D:6      | Got an ancient ring mail
  6660 | D:6      | Identified the +3 ring mail of Hedge Wizardry {*Drain Will+
                  | Stlth+} (You found it on level 6 of the Dungeon)
  6880 | D:6      | Reached skill level 4 in Fighting
  6880 | D:6      | Reached skill level 4 in Short Blades
  6880 | D:6      | Reached skill level 4 in Long Blades
  6880 | D:6      | Reached skill level 4 in Axes
  6880 | D:6      | Reached skill level 4 in Maces & Flails
  6880 | D:6      | Reached skill level 4 in Polearms
  6880 | D:6      | Reached skill level 4 in Staves
  6880 | D:6      | Reached skill level 4 in Slings
  6880 | D:6      | Reached skill level 4 in Bows
  6880 | D:6      | Reached skill level 4 in Crossbows
  6880 | D:6      | Reached skill level 4 in Throwing
  6880 | D:6      | Reached skill level 4 in Armour
  6880 | D:6      | Reached skill level 4 in Shields
  6880 | D:6      | Reached skill level 4 in Unarmed Combat
  6880 | D:6      | Reached skill level 4 in Evocations
  7122 | D:7      | Noticed Dowan
  7140 | D:7      | Reached * piety under Cheibriados
  7141 | D:7      | Noticed Duvessa
  7143 | D:7      | Killed Dowan
  7428 | D:7      | Found an opulent altar of Gozag.
  7440 | D:7      | Reached skill level 6 in Stealth
  7440 | D:7      | Reached skill level 8 in Conjurations
  7895 | D:7      | Reached ** piety under Cheibriados
  8160 | D:7      | Killed Duvessa
  8241 | D:7      | Found a broken altar of Ashenzari.
  8440 | D:7      | Learned a level 3 spell: Ignite Poison
  8447 | D:7      | Found a white marble altar of Elyvilon.
  8634 | D:8      | Found a bloodstained altar of Trog.
  8750 | D:8      | Reached skill level 5 in Invocations
  9313 | D:8      | Reached skill level 7 in Spellcasting
  9388 | D:8      | Reached XP level 10. HP: 70/73 MP: 20/20
  9389 | D:8      | Reached skill level 4 in Hexes
  9389 | D:8      | Reached skill level 4 in Summonings
  9389 | D:8      | Reached skill level 4 in Necromancy
  9389 | D:8      | Reached skill level 4 in Translocations
  9389 | D:8      | Reached skill level 4 in Transmutations
  9389 | D:8      | Reached skill level 4 in Fire Magic
  9389 | D:8      | Reached skill level 4 in Ice Magic
  9389 | D:8      | Reached skill level 4 in Air Magic
  9389 | D:8      | Reached skill level 4 in Earth Magic
  9389 | D:8      | Reached skill level 4 in Poison Magic
  9442 | D:8      | Found a staircase to the Lair.
  9487 | D:8      | Reached skill level 5 in Fighting
  9487 | D:8      | Reached skill level 5 in Short Blades
  9487 | D:8      | Reached skill level 5 in Long Blades
  9487 | D:8      | Reached skill level 5 in Axes
  9487 | D:8      | Reached skill level 5 in Maces & Flails
  9487 | D:8      | Reached skill level 5 in Polearms
  9487 | D:8      | Reached skill level 5 in Staves
  9487 | D:8      | Reached skill level 5 in Slings
  9487 | D:8      | Reached skill level 5 in Bows
  9487 | D:8      | Reached skill level 5 in Crossbows
  9487 | D:8      | Reached skill level 5 in Throwing
  9487 | D:8      | Reached skill level 5 in Armour
  9487 | D:8      | Reached skill level 5 in Shields
  9487 | D:8      | Reached skill level 5 in Unarmed Combat
  9487 | D:8      | Reached skill level 5 in Evocations
  9611 | D:8      | You pick up a book of Callings and begin reading...
  9611 | D:8      | You add the spells Call Canine Familiar, Summon Guardian
                  | Golem, Summon Lightning Spire and Summon Ice Beast to your
                  | library.
  9647 | D:8      | Reached *** piety under Cheibriados
 10006 | D:9      | Found Hyrah's Changing Room.
 10010 | D:9      | Reached skill level 7 in Dodging
 10086 | D:9      | Noticed a two-headed ogre
 10087 | D:9      | magus.rc [v1.9.10]
 10116 | D:9      | Killed a two-headed ogre
 10172 | D:9      | Reached skill level 6 in Invocations
 10247 | D:9      | You pick up a book of Power and begin reading...
 10247 | D:9      | You add the spells Iskenderun's Battlesphere, Bolt of
                  | Magma, Iron Shot, Orb of Destruction and Spellforged
                  | Servitor to your library.
 10300 | D:9      | Reached skill level 7 in Stealth
 10307 | D:9      | HP: 18/74 [troll (7)]
 10668 | D:9      | Identified the Disquisition on the Birds and Calling
 10669 | D:9      | You add the spells Shock, Airstrike, Summon Demon and
                  | Conjure Ball Lightning to your library.
 10706 | D:9      | Found a burning altar of Makhleb.
 10724 | D:9      | Found a radiant altar of Vehumet.
 10827 | D:9      | Found Zasuworr's Jewellery Emporium.
 11067 | D:9      | Found a bloodstained altar of Trog.
 11138 | D:9      | Found an ancient bone altar of Kikubaaqudgha.
 11158 | D:10     | Entered Level 10 of the Dungeon
 11158 | D:10     | Noticed a gargoyle
 11161 | D:10     | Reached **** piety under Cheibriados
 11162 | D:10     | Killed an unseen horror
 11163 | D:10     | Reached XP level 11. HP: 74/81 MP: 22/22
 11208 | D:10     | Noticed a two-headed ogre
 11215 | D:10     | Killed a two-headed ogre
 11216 | D:10     | Reached skill level 6 in Fighting
 11216 | D:10     | Reached skill level 6 in Short Blades
 11216 | D:10     | Reached skill level 6 in Long Blades
 11216 | D:10     | Reached skill level 6 in Axes
 11216 | D:10     | Reached skill level 6 in Maces & Flails
 11216 | D:10     | Reached skill level 6 in Polearms
 11216 | D:10     | Reached skill level 6 in Staves
 11216 | D:10     | Reached skill level 6 in Slings
 11216 | D:10     | Reached skill level 6 in Bows
 11216 | D:10     | Reached skill level 6 in Crossbows
 11216 | D:10     | Reached skill level 6 in Throwing
 11216 | D:10     | Reached skill level 6 in Armour
 11216 | D:10     | Reached skill level 6 in Shields
 11216 | D:10     | Reached skill level 6 in Unarmed Combat
 11216 | D:10     | Reached skill level 5 in Hexes
 11216 | D:10     | Reached skill level 5 in Summonings
 11216 | D:10     | Reached skill level 5 in Necromancy
 11216 | D:10     | Reached skill level 5 in Translocations
 11216 | D:10     | Reached skill level 5 in Transmutations
 11216 | D:10     | Reached skill level 5 in Fire Magic
 11216 | D:10     | Reached skill level 5 in Ice Magic
 11216 | D:10     | Reached skill level 5 in Air Magic
 11216 | D:10     | Reached skill level 5 in Earth Magic
 11216 | D:10     | Reached skill level 5 in Poison Magic
 11216 | D:10     | Reached skill level 6 in Evocations
 11379 | D:10     | Reached skill level 8 in Spellcasting
 12026 | D:10     | Reached ***** piety under Cheibriados
 12492 | D:11     | Noticed a cyclops
 12495 | D:11     | Noticed a green ugly thing
 12504 | D:10     | Killed a green ugly thing
 12630 | Lair:1   | Entered Level 1 of the Lair of Beasts
 12669 | Lair:1   | Reached skill level 9 in Conjurations
 12669 | Lair:1   | Reached skill level 7 in Invocations
 12673 | Lair:1   | Reached skill level 8 in Dodging
 13135 | Lair:1   | Noticed a four-headed hydra
 13157 | Lair:1   | Killed a four-headed hydra
 13590 | Lair:2   | Learned a level 5 spell: Iskenderun's Battlesphere
 13799 | Lair:2   | Reached skill level 8 in Stealth
 14009 | Lair:2   | Noticed a four-headed hydra
 14021 | Lair:2   | Killed a four-headed hydra
 14022 | Lair:2   | Reached XP level 12. HP: 65/89 MP: 10/24
 14129 | Lair:2   | Found a staircase to the Shoals.
 14141 | Lair:2   | Found a runed translucent door.
 14193 | Lair:2   | Found a hazy altar of Hepliaklqana.
 14361 | Lair:2   | Reached skill level 7 in Fighting
 14361 | Lair:2   | Reached skill level 7 in Short Blades
 14361 | Lair:2   | Reached skill level 7 in Long Blades
 14361 | Lair:2   | Reached skill level 7 in Axes
 14361 | Lair:2   | Reached skill level 7 in Maces & Flails
 14361 | Lair:2   | Reached skill level 7 in Polearms
 14361 | Lair:2   | Reached skill level 7 in Staves
 14361 | Lair:2   | Reached skill level 7 in Slings
 14361 | Lair:2   | Reached skill level 7 in Bows
 14361 | Lair:2   | Reached skill level 7 in Crossbows
 14361 | Lair:2   | Reached skill level 7 in Throwing
 14361 | Lair:2   | Reached skill level 7 in Armour
 14361 | Lair:2   | Reached skill level 7 in Shields
 14361 | Lair:2   | Reached skill level 7 in Unarmed Combat
 14361 | Lair:2   | Reached skill level 7 in Evocations
 14786 | Lair:2   | Identified the +10 spear of Day {flame, rN+ Will+ Int+3}
 14789 | Lair:2   | Noticed MyelinatedAxon's ghost (journeyman HuFi)
 15218 | Lair:3   | Noticed Nergalle
 15218 | Lair:3   | Noticed a death yak
 15231 | Lair:3   | Noticed a death yak
 15235 | Lair:3   | Killed Nergalle
 15238 | Lair:3   | Killed a death yak
 15239 | Lair:3   | Reached skill level 6 in Hexes
 15239 | Lair:3   | Reached skill level 6 in Summonings
 15239 | Lair:3   | Reached skill level 6 in Necromancy
 15239 | Lair:3   | Reached skill level 6 in Translocations
 15239 | Lair:3   | Reached skill level 6 in Transmutations
 15239 | Lair:3   | Reached skill level 6 in Fire Magic
 15239 | Lair:3   | Reached skill level 6 in Ice Magic
 15239 | Lair:3   | Reached skill level 6 in Air Magic
 15239 | Lair:3   | Reached skill level 6 in Earth Magic
 15239 | Lair:3   | Reached skill level 6 in Poison Magic
 15240 | Lair:3   | Killed a death yak
 15241 | Lair:3   | Reached skill level 8 in Invocations
 15242 | Lair:3   | Noticed a death yak
 15242 | Lair:3   | Noticed a death yak
 15243 | Lair:3   | Noticed a death yak
 15244 | Lair:3   | Noticed a death yak
 15247 | Lair:3   | Killed a death yak
 15248 | Lair:3   | Reached skill level 9 in Spellcasting
 15250 | Lair:3   | HP: 16/91 [death yak (28)]
 15372 | Lair:3   | HP: 13/91 [death yak (16)]
 15373 | Lair:3   | Killed a death yak
 15375 | Lair:3   | Killed a death yak
 15382 | Lair:3   | Killed a death yak
 15401 | Lair:3   | Reached skill level 9 in Dodging
 15403 | Lair:3   | Found a frozen archway.
 15553 | IceCv    | Entered an ice cave
 15716 | IceCv    | Reached ****** piety under Cheibriados
 15808 | IceCv    | Reached skill level 9 in Stealth
 15808 | IceCv    | Reached XP level 13. HP: 67/98 MP: 26/26
 15981 | IceCv    | Noticed an ice dragon
 16023 | IceCv    | Killed an ice dragon
 16029 | IceCv    | Noticed an ice dragon
 16036 | IceCv    | Killed an ice dragon
 16037 | IceCv    | Reached skill level 8 in Fighting
 16037 | IceCv    | Reached skill level 8 in Short Blades
 16037 | IceCv    | Reached skill level 8 in Long Blades
 16037 | IceCv    | Reached skill level 8 in Axes
 16037 | IceCv    | Reached skill level 8 in Maces & Flails
 16037 | IceCv    | Reached skill level 8 in Polearms
 16037 | IceCv    | Reached skill level 8 in Staves
 16037 | IceCv    | Reached skill level 8 in Slings
 16037 | IceCv    | Reached skill level 8 in Bows
 16037 | IceCv    | Reached skill level 8 in Crossbows
 16037 | IceCv    | Reached skill level 8 in Throwing
 16037 | IceCv    | Reached skill level 8 in Armour
 16037 | IceCv    | Reached skill level 8 in Shields
 16037 | IceCv    | Reached skill level 8 in Unarmed Combat
 16037 | IceCv    | Reached skill level 8 in Evocations
 16267 | IceCv    | Learned a level 5 spell: Bolt of Magma
 16934 | Lair:3   | Reached skill level 9 in Invocations
 17220 | Lair:3   | Reached skill level 10 in Conjurations
 17411 | Lair:3   | Reached skill level 7 in Hexes
 17411 | Lair:3   | Reached skill level 7 in Summonings
 17411 | Lair:3   | Reached skill level 7 in Necromancy
 17411 | Lair:3   | Reached skill level 7 in Translocations
 17411 | Lair:3   | Reached skill level 7 in Transmutations
 17411 | Lair:3   | Reached skill level 7 in Fire Magic
 17411 | Lair:3   | Reached skill level 7 in Ice Magic
 17411 | Lair:3   | Reached skill level 7 in Air Magic
 17411 | Lair:3   | Reached skill level 7 in Earth Magic
 17411 | Lair:3   | Reached skill level 7 in Poison Magic
 18663 | Lair:4   | Reached skill level 10 in Spellcasting
 19316 | Lair:4   | Found a hole to the Spider Nest.
 20001 | Lair:5   | You pick up a book of Burglary and begin reading...
 20001 | Lair:5   | You add the spells Swiftness, Passwall, Passage of
                  | Golubria, Lee's Rapid Deconstruction and Invisibility to
                  | your library.
 20073 | Lair:5   | Reached XP level 14. HP: 106/106 MP: 16/28
 20075 | Lair:5   | Reached skill level 10 in Dodging
 20077 | Lair:5   | Reached skill level 9 in Fighting
 20077 | Lair:5   | Reached skill level 9 in Short Blades
 20077 | Lair:5   | Reached skill level 9 in Long Blades
 20077 | Lair:5   | Reached skill level 9 in Axes
 20077 | Lair:5   | Reached skill level 9 in Maces & Flails
 20077 | Lair:5   | Reached skill level 9 in Polearms
 20077 | Lair:5   | Reached skill level 9 in Staves
 20077 | Lair:5   | Reached skill level 9 in Slings
 20077 | Lair:5   | Reached skill level 9 in Bows
 20077 | Lair:5   | Reached skill level 9 in Crossbows
 20077 | Lair:5   | Reached skill level 9 in Throwing
 20077 | Lair:5   | Reached skill level 9 in Armour
 20077 | Lair:5   | Reached skill level 9 in Shields
 20077 | Lair:5   | Reached skill level 9 in Unarmed Combat
 20077 | Lair:5   | Reached skill level 9 in Evocations
 20815 | Lair:6   | Entered Level 6 of the Lair of Beasts
 20833 | Lair:6   | Reached skill level 10 in Stealth
 21941 | Lair:6   | Found a shimmering altar of Xom.
 22296 | Lair:6   | Found a staircase to the Slime Pits.
 22350 | Lair:6   | magus.rc [v1.9.10]
 22416 | Lair:6   | Reached skill level 10 in Invocations
 22616 | Lair:6   | Noticed a dire elephant
 22626 | Lair:6   | Killed a dire elephant
 22755 | Lair:6   | Noticed a dire elephant
 22755 | Lair:6   | Noticed a dire elephant
 22762 | Lair:6   | Killed a dire elephant
 22762 | Lair:6   | Killed a dire elephant
 22921 | Lair:6   | Got a pair of transparent gloves
 22929 | Lair:6   | Identified the +1 pair of gloves of the Tanner {rC+ rCorr
                  | Int+4 Stlth+} (You found it on level 6 of the Lair of
                  | Beasts)
 23939 | D:11     | You pick up a book of Minor Magic and begin reading...
 24244 | D:11     | You pick up a book of Unlife and begin reading...
 24244 | D:11     | You add the spells Animate Dead, Borgnjor's Vile Clutch,
                  | Death Channel and Simulacrum to your library.
 24706 | D:12     | Reached skill level 8 in Hexes
 24706 | D:12     | Reached skill level 8 in Summonings
 24706 | D:12     | Reached skill level 8 in Necromancy
 24706 | D:12     | Reached skill level 8 in Translocations
 24706 | D:12     | Reached skill level 8 in Transmutations
 24706 | D:12     | Reached skill level 8 in Fire Magic
 24706 | D:12     | Reached skill level 8 in Ice Magic
 24706 | D:12     | Reached skill level 8 in Air Magic
 24706 | D:12     | Reached skill level 8 in Earth Magic
 24706 | D:12     | Reached skill level 8 in Poison Magic
 25196 | D:12     | Found a staircase to the Orcish Mines.
 25448 | D:12     | Noticed Psyche
 25453 | D:12     | Killed Psyche
 25843 | Orc:1    | Entered Level 1 of the Orcish Mines
 25857 | Orc:1    | Reached XP level 15. HP: 104/115 MP: 14/29
 26707 | Orc:2    | Entered Level 2 of the Orcish Mines
 26707 | Orc:2    | Found a staircase to the Elven Halls.
 27169 | Orc:2    | Noticed an orc warlord
 27178 | Orc:2    | Killed an orc warlord
 27179 | Orc:2    | Reached skill level 11 in Spellcasting
 27530 | Orc:2    | Found a roughly hewn altar of Beogh.
 27690 | Orc:2    | Found Lajeutod's Antique Armour Emporium.
 27797 | Orc:2    | Bought a runed helmet for 240 gold pieces
 27816 | Orc:2    | Found Xelizudu's General Store.
 27822 | Orc:2    | Found Biluvuob's Jewellery Emporium.
 27868 | Orc:2    | Found Taprofol's Antique Weapon Emporium.
 27875 | Orc:2    | Bought a scorched falchion for 144 gold pieces
 27875 | Orc:2    | Identified the +5 falchion of Youthful Indiscretion
                  | {vorpal, rF+ Will+++ SInv Stlth-} (You bought it in a shop
                  | on level 2 of the Orcish Mines)
 27892 | Orc:2    | Bought an encrusted scale mail for 288 gold pieces
 27902 | Orc:2    | Identified the +1 scale mail "Seith" {rF+ Will+ Str+4} (You
                  | bought it in a shop on level 2 of the Orcish Mines)
 28228 | Elf:1    | Entered Level 1 of the Elven Halls
 28232 | Elf:1    | Reached skill level 10 in Fighting
 28232 | Elf:1    | Reached skill level 10 in Short Blades
 28232 | Elf:1    | Reached skill level 10 in Long Blades
 28232 | Elf:1    | Reached skill level 10 in Axes
 28232 | Elf:1    | Reached skill level 10 in Maces & Flails
 28232 | Elf:1    | Reached skill level 10 in Polearms
 28232 | Elf:1    | Reached skill level 10 in Staves
 28232 | Elf:1    | Reached skill level 10 in Slings
 28232 | Elf:1    | Reached skill level 10 in Bows
 28232 | Elf:1    | Reached skill level 10 in Crossbows
 28232 | Elf:1    | Reached skill level 10 in Throwing
 28232 | Elf:1    | Reached skill level 10 in Armour
 28232 | Elf:1    | Reached skill level 10 in Shields
 28232 | Elf:1    | Reached skill level 10 in Unarmed Combat
 28232 | Elf:1    | Reached skill level 10 in Evocations
 28233 | Elf:1    | Reached skill level 11 in Dodging
 28348 | Elf:1    | Reached skill level 11 in Conjurations
 28597 | Elf:1    | Reached skill level 11 in Invocations
 28728 | Elf:1    | Reached skill level 11 in Stealth
 29152 | Elf:1    | Noticed a deep elf sorcerer
 29152 | Elf:1    | Identified a +0 robe of the Archmagi
 29161 | Elf:1    | Noticed an Executioner
 29163 | Elf:1    | Noticed a balrug
 29164 | Elf:1    | Killed a deep elf sorcerer
 29165 | Elf:1    | Reached XP level 16. HP: 99/123 MP: 3/31
 29309 | Elf:1    | Found a runed translucent gate.
 29309 | Elf:1    | Found a runed translucent gate.
 29309 | Elf:1    | Found a runed translucent gate.
 29309 | Elf:1    | Found a runed translucent gate.
 29309 | Elf:1    | Found a runed translucent gate.
 29310 | Elf:1    | Found a runed translucent gate.
 29310 | Elf:1    | Noticed a shadow dragon
 29327 | Elf:1    | Learned a level 6 spell: Iron Shot
 29648 | Elf:1    | Reached skill level 9 in Hexes
 29648 | Elf:1    | Reached skill level 9 in Summonings
 29648 | Elf:1    | Reached skill level 9 in Necromancy
 29648 | Elf:1    | Reached skill level 9 in Translocations
 29648 | Elf:1    | Reached skill level 9 in Transmutations
 29648 | Elf:1    | Reached skill level 9 in Fire Magic
 29648 | Elf:1    | Reached skill level 9 in Ice Magic
 29648 | Elf:1    | Reached skill level 9 in Air Magic
 29648 | Elf:1    | Reached skill level 9 in Earth Magic
 29648 | Elf:1    | Reached skill level 9 in Poison Magic
 30336 | Elf:1    | Identified Sif Muna's Guide on the Rocks
 30337 | Elf:1    | You pick up a book of Fire and begin reading...
 30337 | Elf:1    | You add the spells Fireball, Starburst and Ignition to your
                  | library.
 30337 | Elf:1    | You add the spells Leda's Liquefaction, Petrify and Shatter
                  | to your library.
 30389 | Elf:1    | Found Juusav's Antique Weapon Emporium.
 30392 | Elf:1    | Bought a steaming dagger for 245 gold pieces
 30392 | Elf:1    | Identified a scroll of acquirement
 30393 | Elf:1    | Identified the +7 dagger of the Spheres {freeze, rF+ rN+
                  | Int-2} (You bought it in a shop on level 1 of the Elven
                  | Halls)
 30415 | Elf:1    | Acquired +2 swamp dragon scales
 30748 | Elf:1    | Killed a shadow dragon
 31475 | D:13     | Found a gate to the Vaults.
 31680 | D:13     | You pick up a book of Spatial Translocations and begin
                  | reading...
 31680 | D:13     | You add the spells Lesser Beckoning, Gell's Gravitas and
                  | Teleport Other to your library.
 31732 | D:13     | Noticed Erolcha
 31737 | D:13     | Killed Erolcha
 32023 | D:13     | Noticed Maurice
 32028 | D:13     | Killed Maurice
 32989 | D:14     | Reached skill level 11 in Fighting
 32989 | D:14     | Reached skill level 11 in Short Blades
 32989 | D:14     | Reached skill level 11 in Long Blades
 32989 | D:14     | Reached skill level 11 in Axes
 32989 | D:14     | Reached skill level 11 in Maces & Flails
 32989 | D:14     | Reached skill level 11 in Polearms
 32989 | D:14     | Reached skill level 11 in Staves
 32989 | D:14     | Reached skill level 11 in Slings
 32989 | D:14     | Reached skill level 11 in Bows
 32989 | D:14     | Reached skill level 11 in Crossbows
 32989 | D:14     | Reached skill level 11 in Throwing
 32989 | D:14     | Reached skill level 11 in Armour
 32989 | D:14     | Reached skill level 11 in Shields
 32989 | D:14     | Reached skill level 11 in Unarmed Combat
 32989 | D:14     | Reached skill level 11 in Evocations
 33811 | D:15     | Entered Level 15 of the Dungeon
 33969 | D:15     | Reached skill level 12 in Spellcasting
 34068 | D:15     | Found a staircase to the Depths.
 34451 | D:15     | You pick up a book of Necromancy and begin reading...
 34451 | D:15     | You add the spells Pain, Vampiric Draining and Agony to
                  | your library.
 34524 | D:15     | Reached skill level 12 in Invocations
 34755 | D:15     | Noticed Kirke
 34768 | D:15     | Killed Kirke
 35314 | D:15     | Reached skill level 12 in Dodging
 35464 | D:15     | Reached XP level 17. HP: 117/131 MP: 23/33
 35573 | D:15     | Got a brightly glowing chain mail
 35574 | D:15     | Identified the cursed +0 chain mail of the Stonemason
                  | {rElec Regen+ Str-2 Dex+7} (You found it on level 15 of the
                  | Dungeon)
 35850 | D:15     | You pick up a book of Hexes and begin reading...
 35850 | D:15     | You add the spells Cause Fear, Yara's Violent Unravelling,
                  | Silence and Discord to your library.
 36101 | Spider:1 | Entered Level 1 of the Spider Nest
 36114 | Spider:1 | Reached skill level 12 in Stealth
 37837 | Spider:2 | Reached skill level 12 in Conjurations
 37853 | Spider:2 | Reached skill level 10 in Hexes
 37853 | Spider:2 | Reached skill level 10 in Summonings
 37853 | Spider:2 | Reached skill level 10 in Necromancy
 37853 | Spider:2 | Reached skill level 10 in Translocations
 37853 | Spider:2 | Reached skill level 10 in Transmutations
 37853 | Spider:2 | Reached skill level 10 in Fire Magic
 37853 | Spider:2 | Reached skill level 10 in Ice Magic
 37853 | Spider:2 | Reached skill level 10 in Air Magic
 37853 | Spider:2 | Reached skill level 10 in Earth Magic
 37853 | Spider:2 | Reached skill level 10 in Poison Magic
 40190 | Spider:3 | Noticed Asterion
 40194 | Spider:3 | Noticed an Executioner
 40199 | Spider:3 | Killed Asterion
 40200 | Spider:3 | Reached XP level 18. HP: 101/140 MP: 24/34
 40778 | Spider:4 | Entered Level 4 of the Spider Nest
 41245 | Spider:4 | Reached skill level 12 in Fighting
 41245 | Spider:4 | Reached skill level 12 in Short Blades
 41245 | Spider:4 | Reached skill level 12 in Long Blades
 41245 | Spider:4 | Reached skill level 12 in Axes
 41245 | Spider:4 | Reached skill level 12 in Maces & Flails
 41245 | Spider:4 | Reached skill level 12 in Polearms
 41245 | Spider:4 | Reached skill level 12 in Staves
 41245 | Spider:4 | Reached skill level 12 in Slings
 41245 | Spider:4 | Reached skill level 12 in Bows
 41245 | Spider:4 | Reached skill level 12 in Crossbows
 41245 | Spider:4 | Reached skill level 12 in Throwing
 41245 | Spider:4 | Reached skill level 12 in Armour
 41245 | Spider:4 | Reached skill level 12 in Shields
 41245 | Spider:4 | Reached skill level 12 in Unarmed Combat
 41245 | Spider:4 | Reached skill level 12 in Evocations
 41613 | Spider:4 | Reached skill level 13 in Invocations
 42213 | Spider:4 | Reached skill level 13 in Spellcasting
 43200 | Spider:4 | HP: 34/140 [emperor scorpion (6)]
 43567 | Spider:4 | Reached skill level 13 in Dodging
 44091 | Spider:4 | Got a gossamer rune of Zot
 44277 | Lair:2   | magus.rc [v1.9.10]
 44332 | Lair:2   | Killed MyelinatedAxon's ghost
 44445 | Shoals:1 | Entered Level 1 of the Shoals
 44460 | Shoals:1 | Reached skill level 13 in Stealth
 44775 | Shoals:1 | Learned a level 4 spell: Airstrike
 46108 | Shoals:2 | Noticed Ilsuiw
 46109 | Shoals:2 | You pick up a book of Changes and begin reading...
 46109 | Shoals:2 | You add the spells Beastly Appendage, Wereblood, Spider
                  | Form, Ice Form and Blade Hands to your library.
 46120 | Shoals:2 | Killed Ilsuiw
 46121 | Shoals:2 | Reached XP level 19. HP: 103/147 MP: 26/36
 46957 | Shoals:3 | Noticed Polyphemus
 46964 | Shoals:3 | Killed Polyphemus
 47369 | Shoals:3 | Found the +3 robe of Clouds {+Thunder rCloud rElec}
 47488 | Shoals:3 | Found a stormy altar of Qazlal.
 48485 | Shoals:3 | Reached skill level 11 in Hexes
 48485 | Shoals:3 | Reached skill level 11 in Summonings
 48485 | Shoals:3 | Reached skill level 11 in Necromancy
 48485 | Shoals:3 | Reached skill level 11 in Translocations
 48485 | Shoals:3 | Reached skill level 11 in Transmutations
 48485 | Shoals:3 | Reached skill level 11 in Fire Magic
 48485 | Shoals:3 | Reached skill level 11 in Ice Magic
 48485 | Shoals:3 | Reached skill level 11 in Air Magic
 48485 | Shoals:3 | Reached skill level 11 in Earth Magic
 48485 | Shoals:3 | Reached skill level 11 in Poison Magic
 48631 | Shoals:4 | Entered Level 4 of the Shoals
 48821 | Shoals:4 | HP: 22/148 [water nymph/the raging water (30)]
 48822 | Shoals:4 | HP: 9/148 [water nymph/the raging water (9)]
 48823 | Shoals:4 | Killed from afar by a water nymph

Vanquished Creatures
  Asterion (Spider:3)
  Polyphemus (Shoals:3)
  Kirke (D:15)
  A shadow dragon (Elf:1)
  An orc warlord (Orc:2)
  Ilsuiw (Shoals:2)
  2 iron dragons (Elf:1)
  A deep elf sorcerer (Elf:1)
  5 ghost moths
  7 emperor scorpions
  3 deep elf demonologists (Elf:1)
  5 entropy weavers
  6 slime creatures
  3 dire elephants (Lair:6)
  2 spark wasps (Spider:4)
  5 merfolk impalers
  A fire dragon (Elf:1)
  7 hydras
  Erolcha (D:13)
  An ogre mage (D:15)
  3 ice dragons
  The ghost of MyelinatedAxon the Carver, a journeyman HuFi of Zin (Lair:2)
  4 boulder beetles
  A catoblepas (Shoals:3)
  An anaconda (Lair:6)
  8 two-headed ogres
  A merfolk aquamancer (Shoals:2)
  2 centaur warriors
  A merfolk avatar (Shoals:3)
  9 dancing weapons
  A satyr (Shoals:3)
  A death knight (D:11)
  A tengu warrior (D:15)
  15 death yaks
  Nergalle (Lair:3)
  A vampire mage (D:15)
  12 deep elf knights (Elf:1)
  An orc high priest (Orc:2)
  2 skeletal warriors (D:15)
  3 unseen horrors
  10 sea snakes
  8 deep elf archers (Elf:1)
  A harpy (shapeshifter) (D:14)
  A phantasmal warrior (D:11)
  A lindwurm (Lair:4)
  17 harpies
  4 orc knights
  18 orb spiders
  A necromancer (D:15)
  5 orc sorcerers
  2 oklob plants (Lair:6)
  10 manticores
  14 fauns
  8 cyclopes
  27 wolf spiders
  23 deep elf magi
  A stone giant zombie (D:15)
  An ugly thing (D:10)
  A moth of wrath (Spider:2)
  12 merfolk sirens
  Psyche (D:12)
  5 black mambas
  8 elephants
  Maurice (D:13)
  2 ice statues (IceCv)
  3 water nymphs
  A stone giant skeleton (D:15)
  3 gargoyles
  5 rime drakes
  13 cane toads
  11 demonic crawlers
  3 torpor snails
  A kobold demonologist (D:12)
  A freezing wraith (D:11)
  10 komodo dragons
  16 merfolk
  A tengu conjurer (D:15)
  A queen bee (Spider:2)
  39 jumping spiders
  3 polar bears
  6 trolls
  3 meliai (Spider:2)
  9 hornets
  Grinder (D:6)
  9 blink frogs
  6 wind drakes
  5 snapping turtles
  4 dream sheep (Shoals:2)
  Sigmund (D:4)
  3 vampires
  34 tarantellas
  2 shadows (D:12)
  103 redbacks
  3 spriggans (Lair:2)
  A tarantella (shapeshifter) (Elf:1)
  7 wyverns
  5 wraiths
  9 water elementals
  5 hogs (D:15)
  24 yaks
  3 fire elementals (Elf:1)
  6 basilisks
  9 vampire mosquitoes
  4 wargs
  12 water moccasins
  2 soldier ants
  3 acid dragons
  A tengu zombie (D:15)
  Duvessa (D:7)
  29 ice beasts
  A meliai simulacrum (D:15)
  24 orc warriors
  5 sky beasts
  A black bear (Lair:2)
  11 ogres
  A necrophage (D:12)
  3 phantoms
  3 boggarts (D:15)
  16 centaurs
  A yaktaur zombie (D:15)
  2 big kobolds
  23 bullfrogs
  5 earth elementals (Elf:1)
  A wyvern zombie (D:11)
  11 scorpions
  Dowan (D:7)
  2 wyvern skeletons
  27 killer bees
  2 water moccasin skeletons
  24 wights
  6 howler monkeys
  4 electric eels
  A crimson imp (D:9)
  2 lava snakes (D:9)
  2 quasits
  4 centaur zombies
  A bullfrog zombie (D:13)
  2 jellies
  9 hounds
  21 orc priests
  35 orc wizards
  Crazy Yiuf (D:3)
  Natasha (thrice) (D:3)
  3 bullfrog skeletons
  4 centaur skeletons
  An iguana (D:9)
  Ijyb (D:3)
  6 hell rats (Lair:6)
  10 worker ants
  A hound skeleton (D:7)
  A worker ant zombie (D:7)
  A howler monkey zombie (D:7)
  13 gnolls
  10 adders
  A shadow imp (D:9)
  4 white imps (D:7)
  3 ufetubi
  2 oozes
  2 adder skeletons
  6 worms
  2 dart slugs
  5 leopard geckos
  96 orcs
  2 ball pythons
  A bat zombie (D:9)
  A giant cockroach (D:6)
  8 goblins
  4 hobgoblins
  21 jackals
  18 kobolds
  7 quokkas
  18 bats
  4 frilled lizards
  A jackal skeleton (D:3)
  A leopard gecko zombie (D:9)
  A quokka skeleton (D:7)
  5 rats (D:1)
1246 creatures vanquished.

Vanquished Creatures (collateral kills)
  A water moccasin (Lair:1)
1 creature vanquished.

Vanquished Creatures (others)
  A cane toad (Lair:6)
  A bullfrog (Lair:3)
  A kobold (D:11)
  A bush (Lair:3)
  10 fulminant prisms
  80 fungi
  148 plants
  3 withered plants (D:15)
245 creatures vanquished.

Grand Total: 1492 creatures vanquished

Table legend:
 A = Non-vault XP
 B = Vault XP
 C = Vault XP percentage of total XP
 D = Non-vault monster count
 E = Vault monster count
 F = Vault count percentage of total count
                 A         B        C        D         E       F
            +---------+---------+-------+---------+---------+-------
      Total |  247202 |  113862 |  31.5 |     948 |     299 |  24.0
            +---------+---------+-------+---------+---------+-------
        D:1 |      37 |       0 |   0.0 |      20 |       0 |   0.0
        D:2 |      75 |      27 |  26.5 |      23 |       7 |  23.3
        D:3 |     371 |     196 |  34.6 |      44 |       5 |  10.2
        D:4 |     619 |     246 |  28.4 |      24 |       6 |  20.0
        D:5 |     304 |       0 |   0.0 |      10 |       0 |   0.0
        D:6 |     601 |     281 |  31.9 |      20 |       1 |   4.8
        D:7 |     870 |     214 |  19.7 |      28 |       2 |   6.7
        D:8 |    1267 |     735 |  36.7 |      27 |       8 |  22.9
        D:9 |    2446 |      50 |   2.0 |      19 |       2 |   9.5
       D:10 |    5078 |     233 |   4.4 |      42 |       9 |  17.6
       D:11 |    5762 |       0 |   0.0 |      37 |       0 |   0.0
       D:12 |    7125 |     661 |   8.5 |      25 |      10 |  28.6
       D:13 |    3859 |    3268 |  45.9 |      21 |       4 |  16.0
       D:14 |    8509 |       0 |   0.0 |      28 |       0 |   0.0
       D:15 |   11697 |    7459 |  38.9 |      36 |      14 |  28.0
     Lair:1 |    2466 |      93 |   3.6 |       8 |       1 |  11.1
     Lair:2 |    5007 |    2487 |  33.2 |      17 |       7 |  29.2
     Lair:3 |   13068 |    6471 |  33.1 |      28 |      19 |  40.4
     Lair:4 |    4783 |     647 |  11.9 |      19 |       3 |  13.6
     Lair:5 |    9331 |       0 |   0.0 |      19 |       0 |   0.0
     Lair:6 |    6978 |    3903 |  35.9 |      20 |       7 |  25.9
   Shoals:1 |    8504 |       0 |   0.0 |      15 |       0 |   0.0
   Shoals:2 |    9530 |    4694 |  33.0 |      24 |       6 |  20.0
   Shoals:3 |   26239 |    6525 |  19.9 |      49 |       9 |  15.5
   Shoals:4 |    5336 |    3099 |  36.7 |      10 |       7 |  41.2
   Spider:1 |   19420 |       0 |   0.0 |      60 |       0 |   0.0
   Spider:2 |   22696 |    2588 |  10.2 |      54 |      26 |  32.5
   Spider:3 |   13281 |    2523 |  16.0 |      39 |       1 |   2.5
   Spider:4 |   21756 |   26991 |  55.4 |      66 |      44 |  40.0
      Orc:1 |    4216 |       0 |   0.0 |      50 |       0 |   0.0
      Orc:2 |    1572 |    7673 |  83.0 |      24 |      37 |  60.7
      Elf:1 |   24399 |   27432 |  52.9 |      42 |      44 |  51.2
      IceCv |       0 |    5366 | 100.0 |       0 |      20 | 100.0
            +---------+---------+-------+---------+---------+-------

Illustrated notes

Table legend:
 A = Kills in this place as a percentage of kills in entire the game.
 B = Kills by you in this place as a percentage of kills by you in the entire game.
 C = Kills by friends in this place as a percentage of kills by friends in the entire game.
 D = Other kills in this place as a percentage of other kills in the entire game.
 E = Experience gained in this place as a percentage of experience gained in the entire game.
 F = Experience gained in this place divided by the number of levels of this place that you have seen.
                   A       B       C       D       E      F
               +-------+-------+-------+-------+-------+----------------------
         Total | 100.0 | 100.0 | 100.0 |   N/A | 100.0 | 10619.5
       Dungeon |  37.9 |  37.9 |   0.0 |   N/A |  17.2 | 4132.7
          Lair |  11.9 |  11.8 | 100.0 |   N/A |  15.3 | 9205.7
        Shoals |   9.6 |   9.6 |   0.0 |   N/A |  17.7 | 15981.8
   Spider Nest |  23.3 |  23.3 |   0.0 |   N/A |  30.3 | 27313.8
  Orcish Mines |   8.9 |   8.9 |   0.0 |   N/A |   3.7 | 6730.5
   Elven Halls |   6.9 |   6.9 |   0.0 |   N/A |  14.4 | 51831.0
      Ice Cave |   1.6 |   1.6 |   0.0 |   N/A |   1.5 | 5366.0
               +-------+-------+-------+-------+-------+----------------------

Table legend: (Time is in decaauts)
 A = Elapsed time spent in this place.
 B = Non-inter-level travel time spent in this place.
 C = Inter-level travel time spent in this place.
 D = Time resting spent in this place.
 E = Time spent auto-exploring this place.
 F = Levels seen in this place.
 G = Mean time per level.
                   A        B        C        D        E       F      G
               +--------+--------+--------+--------+--------+-----+--------+
         Total |  65069 |  61171 |   3898 |    306 |  53681 |  34 | 1913.8 |
       Dungeon |  25748 |  23902 |   1846 |      0 |  21131 |  15 | 1716.5 |
        Temple |     72 |     57 |     15 |      0 |     52 |   1 |   72.0 |
          Lair |  14834 |  13825 |   1009 |    204 |  12276 |   6 | 2472.3 |
        Shoals |   6137 |   5958 |    179 |      0 |   5188 |   4 | 1534.2 |
   Spider Nest |  10422 |  10099 |    323 |     42 |   9079 |   4 | 2605.5 |
  Orcish Mines |   3343 |   3053 |    290 |      0 |   2560 |   2 | 1671.5 |
   Elven Halls |   3344 |   3110 |    234 |      0 |   2626 |   1 | 3344.0 |
      Ice Cave |   1167 |   1167 |      0 |     60 |    768 |   1 | 1167.0 |
               +--------+--------+--------+--------+--------+-----+--------+

Top non-repeatable levels by time:
Spider:4: 3948 daAuts
   Elf:1: 3344 daAuts
  Lair:6: 3296 daAuts
  Lair:3: 3123 daAuts
Spider:3: 2983 daAuts
  Lair:2: 2889 daAuts
    D:15: 2719 daAuts
  Lair:4: 2459 daAuts
    D:10: 2380 daAuts
   Orc:2: 2258 daAuts
     D:3: 2254 daAuts
    D:14: 2220 daAuts
Shoals:3: 2183 daAuts
    D:12: 2137 daAuts
     D:8: 2105 daAuts
